 Dungeon Crawl Stone Soup version 0.27-a0-1081-ge8a0a9c698 (webtiles) character file.

Game seed: 8494504254153925143

48 harryhousin the Skirmisher (level 3, 0/35 HPs)
             Began as a Gnoll Wanderer on Apr 25, 2021.
             Slain by a jackal (2 damage)
             ... on level 2 of the Dungeon.
             The game lasted 00:03:34 (1341 turns).

harryhousin the Skirmisher (Gnoll Wanderer)         Turns: 1341, Time: 00:03:35

Health: 0/35       AC:  2    Str: 11    XL:     3   Next: 72%
Magic:  16/16      EV: 11    Int: 11    God:
Gold:   19         SH:  0    Dex: 12    Spells: 6/7 levels left

rFire    . . .     SeeInvis .   a - +0 dagger
rCold    . . .     Faith    +   (no shield)
rNeg     . . .     Spirit   .   d - +0 robe
rPois    .         Reflect  .   (no helmet)
rElec    .         Harm     .   (no cloak)
rCorr    .         Rampage  .   (no gloves)
Will     .....                  (no boots)
Stlth    ++........             l - amulet of faith
HPRegen  0.11/turn              j - ring of magical power
MPRegen  0.15/turn              (no ring)

@: no status effects
A: fangs 1, strong nose, distributed training
a: no special abilities


You were on level 2 of the Dungeon.
You visited 1 branch of the dungeon, and saw 2 of its levels.

You collected 19 gold pieces.

Inventory:

Hand Weapons
 a - a +0 dagger (weapon)
Missiles
 h - 5 atropa-tipped darts
Armour
 d - a +0 robe (worn)
Jewellery
 j - a ring of magical power (left hand)
 l - an amulet of faith (around neck)
Wands
 e - a wand of paralysis (15)
Scrolls
 g - 3 scrolls of noise {unknown}
 k - 2 scrolls of identify {unknown}
Potions
 b - 2 potions of might {unknown}
 c - 2 potions of lignification
 f - a potion of haste {unknown}
 i - a potion of degeneration {unknown}


   Skills:
 + Level 6.5 Fighting
 + Level 0.9 Short Blades
 + Level 0.9 Long Blades
 + Level 0.9 Axes
 + Level 0.9 Maces & Flails
 + Level 0.9 Polearms
 + Level 0.9 Staves
 + Level 0.9 Slings
 + Level 0.9 Bows
 + Level 0.9 Crossbows
 + Level 0.9 Throwing
 + Level 0.9 Armour
 + Level 0.9 Dodging
 + Level 2.4 Stealth
 + Level 2.6 Shields
 + Level 2.6 Unarmed Combat
 + Level 2.8 Spellcasting
 + Level 0.6 Conjurations
 + Level 0.6 Hexes
 + Level 0.6 Summonings
 + Level 0.6 Necromancy
 + Level 0.6 Translocations
 + Level 0.6 Transmutations
 + Level 0.6 Fire Magic
 + Level 0.6 Ice Magic
 + Level 0.6 Air Magic
 + Level 3.8 Earth Magic
 + Level 0.6 Poison Magic
 + Level 1.0 Invocations
 + Level 2.6 Evocations


You had 6 spell levels left.
You knew the following spells:

 Your Spells              Type           Power      Damage    Failure   Level
a - Summon Small Mammal   Summ           12%        N/A       21%         1

Your spell library contained the following spells:

 Spells                   Type           Power      Damage    Failure   Level
 Summon Guardian Golem    Hex/Summ       3%         N/A       52%         3


Dungeon Overview and Level Annotations

Branches:
Dungeon (2/15)

Altars:


Innate Abilities, Weirdness & Mutations

You have very sharp teeth.
Your uncanny sense of smell can sniff out nearby items.
Your experience applies equally to all skills.


Message History

The goblin is almost dead.
The goblin closely misses you. The jackal bites you.
You closely miss the goblin.
The goblin is almost dead.
The jackal closely misses you. The goblin closely misses you.
You hit the goblin.
You kill the goblin!
The jackal bites you but does no damage.
You barely miss the jackal. The jackal closely misses you.
The jackal barely misses you.
You hit the dart slug.
The dart slug is lightly wounded.
The jackal bites you but does no damage.
The dart slug bites you.
You hit the dart slug but do no damage. You bite the dart slug.
The dart slug is moderately wounded.
The jackal barely misses you.
You hit the dart slug.
The dart slug is moderately wounded.
The jackal bites you.
* * * LOW HITPOINT WARNING * * *
The dart slug bites you but does no damage.
The jackal bites you.
* * * LOW HITPOINT WARNING * * *
You hit the dart slug.
The dart slug is severely wounded.
The jackal bites you but does no damage.
The dart slug launches a dart at you. The slug dart hits you.
* * * LOW HITPOINT WARNING * * *
You hit the dart slug.
The dart slug is almost dead.
The jackal completely misses you.
You hit the dart slug.
You kill the dart slug!
The jackal bites you.
* * * LOW HITPOINT WARNING * * *
The jackal barely misses you.
You barely miss the jackal. The jackal bites you.
You die...

### .#..#.. ..##........
##......#..... .# .... .........
.. #.. ..#...##.#..
##.####.........#.
##.####.h#.......# .h...
.......@).......# ##....
........#####...###.....
......###### #†.###.(#†..
.......## #.g#...#.... .........#
#.#..#...... ..........#
#######.#....#.#..
............####.........###.....
...#.#..........................#
.........<..............####.##.#


You could see a jackal.

Vanquished Creatures
  A dart slug (D:2)
  2 bats (D:1)
  3 endoplasms
  3 giant cockroaches (D:1)
  8 goblins
  3 hobgoblins
  5 jackals
  3 kobolds
  A quokka (D:1)
  3 ball pythons
  2 frilled lizards (D:2)
  5 rats (D:1)
39 creatures vanquished.

Notes
Turn   | Place    | Note
-------+----------+-------------------------------------------
     0 | D:1      | harryhousin the Gnoll Wanderer began the quest for the Orb.
     0 | D:1      | harryhousin set off with the following items: a +0 dagger,
                  | a potion of lignification, a +0 robe, a wand of paralysis
                  | (15); and the following spell memorised: Summon Small
                  | Mammal; and the following spells available to memorise:
                  | Summon Guardian Golem
     0 | D:1      | Reached XP level 1. HP: 23/23 MP: 4/4
   275 | D:1      | Reached XP level 2. HP: 29/29 MP: 5/5
   747 | D:1      | Reached XP level 3. HP: 34/35 MP: 7/7
  1248 | D:2      | Reached skill level 1 in Invocations
  1341 | D:2      | Slain by a jackal

Illustrated notes

Levels and vault maps discovered:
D:1:      minmay_arrival_four_circles, layout_basic, minmay_quantized
D:2:      layout_rooms

Skill      XL: |  1  2  3 |
---------------+----------+-----
Invocations    | 1 |  1.0
Fighting       | |  6.5
Short Blades   | |  0.9
Long Blades    | |  0.9
Axes           | |  0.9
Maces & Flails | |  0.9
Polearms       | |  0.9
Staves         | |  0.9
Slings         | |  0.9
Bows           | |  0.9
Crossbows      | |  0.9
Throwing       | |  0.9
Armour         | |  0.9
Dodging        | |  0.9
Stealth        | |  2.4
Shields        | |  2.6
Unarmed Combat | |  2.6
Spellcasting   | |  2.8
Conjurations   | |  0.6
Hexes          | |  0.6
Summonings     | |  0.6
Necromancy     | |  0.6
Translocations | |  0.6
Transmutations | |  0.6
Fire Magic     | |  0.6
Ice Magic      | |  0.6
Air Magic      | |  0.6
Earth Magic    | |  3.8
Poison Magic   | |  0.6
Evocations     | |  2.6

Action                   || total
-------------------------++-------
Melee: Dagger            ||   142
       Bite              ||    13
       Punch             ||     1
 Stab: Sleeping          ||     5
Armor: Robe              ||    28
Dodge: Dodged            ||    89

Table legend: (Time is in decaauts)
 A = Elapsed time spent in this place.
 B = Non-inter-level travel time spent in this place.
 C = Inter-level travel time spent in this place.
 D = Time resting spent in this place.
 E = Time spent auto-exploring this place.
 F = Levels seen in this place.
 G = Mean time per level.
                   A        B        C        D        E       F      G
               +--------+--------+--------+--------+--------+-----+--------+
         Total |   1336 |   1326 |     10 |    113 |    845 |   2 |  668.0 |
       Dungeon |   1336 |   1326 |     10 |    113 |    845 |   2 |  668.0 |
               +--------+--------+--------+--------+--------+-----+--------+

Top non-repeatable levels by time:
     D:1: 1184 daAuts
     D:2: 151 daAuts
